 Dungeon Sprint DCSS version 0.19.0-24-gb05acd6 (webtiles) character file.

206 igo the Magician (level 5, 0/43 HPs)
             Began as a Naga Wizard on Nov 22, 2016.
             Slain by a river rat (4 damage)
             ... in the Dungeon (Sprint V: "Ziggurat Sprint").
             The game lasted 00:03:50 (470 turns).

igo the Magician (Naga Wizard)                       Turns: 470, Time: 00:03:50

Health: 0/43       AC:  2    Str:  9    XL:     5   Next: 84%
Magic:  18/20      EV: 11    Int: 26    God:
Gold:   0          SH:  0    Dex:  9    Spells: 3 memorised, 13 levels left

rFire  . . .     SeeInvis +     Q - +6 Majin-Bo {vamp, Archmagi MP+6 Int+6}
rCold  . . .     Gourm    .     a - +0 robe
rNeg   . . .     Faith    .     (shield currently unavailable)
rPois  +         Spirit   .     b - +0 hat
rElec  .         Reflect  .     (no cloak)
rCorr  .         Harm     .     (no gloves)
MR     .....     NoTele   +     (no barding)
Stlth  ++........               (no amulet)
                                (no ring)
                                (no ring)

@: very slightly contaminated, repel missiles, very slow
A: see invisible, deformed body, poison resistance, slowness 2, slow metabolism
1, spit poison 1, AC +1
a: Spit Poison


You were in the Dungeon.
You were not hungry.

You visited 1 branch

Inventory:

Hand Weapons
 Q - the +6 Majin-Bo (weapon) {vamp, Archmagi MP+6 Int+6}
   (You found it in the Dungeon)

   It inflicts no extra harm, but heals its wielder when it wounds a living foe.
   It affects your intelligence (+6).
   It affects your magic capacity (+6).
 U - the cursed +1 demon blade "Orb Guardian's Foe" {elec, *Drain Dex+6}
   (You found it in the Dungeon)

   Occasionally, upon striking a foe, it will discharge some electrical energy
   and cause terrible harm.
   It affects your dexterity (+6).
   It causes draining when unequipped.
   It has a curse placed upon it.
Armour
 a - a +0 robe (worn)
 b - a +0 hat (worn)
 J - +5 fire dragon scales
 K - +5 gold dragon scales
 L - +5 shadow dragon scales
 M - +5 storm dragon scales
 R - a +3 buckler
 S - a +3 large shield
 T - a +3 shield
Magical Staves
 N - an uncursed staff of energy
Jewellery
 y - a +6 ring of dexterity
 A - a +6 ring of dexterity
 B - a +6 ring of intelligence
 C - a +6 ring of intelligence
 D - a +6 ring of strength
 E - a +6 ring of strength
 P - an uncursed ring of flight
Wands
 n - a wand of heal wounds (6/9)
 F - a wand of disintegration (7/24)
 G - a wand of iceblast (5/15)
 H - a wand of lightning (5/15)
 I - a wand of acid (5/15)
Scrolls
 j - 4 scrolls of blinking
 q - 4 scrolls of amnesia
 r - 3 scrolls of recharging
 s - 7 scrolls of fog
 t - a scroll of holy word
 u - 5 scrolls of identify
 v - 5 scrolls of remove curse
 w - 2 scrolls of fear
Potions
 e - 10 potions of curing
 f - 10 potions of heal wounds
 g - 5 potions of haste
 h - 7 potions of magic
 i - 2 potions of berserk rage
 k - 2 potions of brilliance
 l - a potion of invisibility
 m - 4 potions of resistance
 o - 5 potions of agility
 p - 5 potions of might
Books
 c - a book of Minor Magic

   Spells                             Type                      Level
   a - Magic Dart                     Conjuration                  1
   b - Blink                          Translocation                2
   c - Call Imp                       Summoning                    2
   d - Repel Missiles                 Charms/Air                   2
   e - Slow                           Hexes                        2
   f - Conjure Flame                  Conjuration/Fire             3
   g - Mephitic Cloud                 Conjuration/Poison/Air       3
Miscellaneous
 O - a crystal ball of energy
Comestibles
 d - 4 bread rations
 x - 42 fruits
 z - 4 meat rations


   Skills:
 - Level 0.4 Fighting
 - Level 1.7 Staves
 + Level 2.6 Armour
 + Level 3.7 Dodging
 - Level 4.2 Stealth
 + Level 2.6 Shields
 - Level 7.1 Spellcasting
 + Level 7.0 Conjurations
 - Level 0.2 Charms
   Level 1.0 Summonings
 - Level 1.1 Translocations


You had 13 spell levels left.
You knew the following spells:

 Your Spells              Type           Power        Failure   Level  Hunger
a - Magic Dart            Conj           ####         1%          1    None
b - Blink                 Tloc           N/A          10%         2    None
c - Repel Missiles        Chrm/Air       ##....       12%         2    None


Dungeon Overview and Level Annotations

Branches:
Dungeon (1/1)

Altars:
Ashenzari
Cheibriados
Dithmenos
Elyvilon
Fedhas
Gozag
Hepliaklqana
Kikubaaqudgha
Makhleb
Nemelex Xobeh
Okawaru
Qazlal
Ru
Sif Muna
Trog
Uskayaw
Vehumet
Xom
Yredelemnul
Zin
The Shining One
Beogh
Jiyva
Lugonu


Innate Abilities, Weirdness & Mutations

You cannot wear boots.
Your serpentine skin is tough. (AC +1)
You have supernaturally acute eyesight. (SInv)
Armour fits poorly on your strangely shaped body.
Your system is resistant to poisons. (rPois)
You cover ground very slowly.
You have a slow metabolism.
You can spit poison.


Message History

You closely miss the iguana.
The iguana is almost dead.
The porcupine bites you! The iguana barely misses you. The porcupine bites you!
* * * LOW HITPOINT WARNING * * *
The river rat barely misses you.
You are too injured to fight recklessly!
You are too injured to fight recklessly!
You are too injured to fight recklessly!
You completely miss the iguana.
The iguana is almost dead.
The porcupine bites you!
* * * LOW HITPOINT WARNING * * *
The iguana bites you.
* * * LOW HITPOINT WARNING * * *
The river rat barely misses you.
You sock the iguana!
You feel better.
You kill the iguana!
Your Conjurations skill increases to level 7!
The porcupine barely misses you. The river rat bites you.
You die...

▓▓▓▓▓▓▓▓▓▓▓▓▓
▓.8©8.▓.8©8.▓
▓.)==.▓.....▓
▓.....▓.....▓
▓.r.r.▓.....▓
▓..@..▓.....▓
▓.....▓.....▓
▓.....▓▓▓▓▓▓▓
▓▓▓▓▓▓▓


You could see a porcupine and a river rat.

Vanquished Creatures
  A necrophage (D)
  A phantom (D)
  An iguana (D)
3 creatures vanquished.

Notes
Turn   | Place    | Note
-------+----------+-------------------------------------------
     0 | D        | igo the Naga Wizard began the quest for the Orb.
     0 | D        | Reached XP level 1. HP: 15/15 MP: 4/4
     0 | D        | Found a deep blue altar of Sif Muna.
     0 | D        | Found a sacrificial altar of Ru.
     0 | D        | Found a bloodstained altar of Trog.
     0 | D        | Found a stormy altar of Qazlal.
     0 | D        | Found an iron altar of Okawaru.
     0 | D        | Found a sparkling altar of Nemelex Xobeh.
     0 | D        | Found a blossoming altar of Fedhas.
     2 | D        | Found an ancient bone altar of Kikubaaqudgha.
     2 | D        | Found a viscous altar of Jiyva.
     2 | D        | Found a corrupted altar of Lugonu.
     2 | D        | Found a hazy altar of Hepliaklqana.
     2 | D        | Found a burning altar of Makhleb.
     2 | D        | Found an opulent altar of Gozag.
    74 | D        | Reached XP level 2. HP: 22/22 MP: 4/7
   147 | D        | Learned a level 2 spell: Blink
   150 | D        | Learned a level 2 spell: Repel Missiles
   165 | D        | Entered arena 1.
   165 | D        | Noticed a phantom
   165 | D        | Noticed a necrophage
   174 | D        | Killed a necrophage
   174 | D        | Reached skill level 1 in Staves
   174 | D        | Reached XP level 3. HP: 22/30 MP: 11/11
   174 | D        | Reached XP level 4. HP: 27/37 MP: 13/13
   178 | D        | Killed a phantom
   178 | D        | Reached XP level 5. HP: 22/43 MP: 14/14
   183 | D        | Got the cursed +1 demon blade "Orb Guardian's Foe" {elec, *Drain Dex+6}
   461 | D        | Entered arena 2.
   461 | D        | Noticed a porcupine
   470 | D        | Slain by a river rat

Skill      XL: |  1  2  3  4  5 |
---------------+----------------+-----
Spellcasting   | 4 7 |  7.1
Conjurations   | 6 7 |  7.0
Staves         | 1 |  1.7
Dodging        | 2 3 |  3.7
Stealth        | 4 |  4.2
Armour         | 2 |  2.6
Shields        | 2 |  2.6
Fighting       | |  0.4
Charms         | |  0.2
Summonings     | |  1.0
Translocations | |  1.1

Action                   |  1- 3 |  4- 6 || total
-------------------------+-------+-------++-------
Melee: Quarterstaff      |     5 |     9 ||    14
 Cast: Repel Missiles    |     1 |       ||     1
       Magic Dart        |       |     1 ||     1
  Use: Potion            |     4 |       ||     4
  Eat: Bread ration      |     1 |       ||     1
Armor: Robe              |     1 |     1 ||     2
Dodge: Dodged            |     2 |     9 ||    11
